 Dungeon Crawl Stone Soup version 0.18-a0-1160-geb89fc2 (webtiles) character file.

6220 poirepourri the Ducker (level 10, -19/79 HPs)
             Began as a Demonspawn Berserker on Jan 24, 2016.
             Was an Elder of Trog.
             Killed from afar by Erica (33 damage)
             ... with a bolt of poison
             ... on level 1 of the Lair of Beasts.
             The game lasted 00:20:05 (11009 turns).

poirepourri the Ducker (Demonspawn Berserker)      Turns: 11009, Time: 00:20:05

Health: -19/79     AC: 19    Str: 22    XL:     10   Next: 61%
Magic:  19/19      EV: 16    Int:  8    God:    Trog [****..]
Gold:   41         SH: 15    Dex: 17    Spells: 0 memorised, 9 levels left

rFire  x . .     SeeInvis .     a - +3 hand axe
rCold  + . .     Gourm    .     k - +1 scale mail
rNeg   . . .     Faith    .     c - +0 large shield
rPois  .         Spirit   .     v - +1 hat
rElec  .         Dismiss  .     C - +1 cloak
rCorr  +         Reflect  .     D - +0 pair of gloves
SustAt .         Harm     .     g - +1 pair of boots
MR     .....                    (no amulet)
Stlth  +++.......               o - ring of magical power
                                E - ring of ice

@: agile, lethally poisoned (-19 -> -42), slowed, very slow, not resistant to
hostile enchantments, fairly stealthy
A: antennae 2, yellow scales 3, demonic guardian 1, nightstalker 1
a: Berserk, Trog's Hand, Brothers in Arms, Burn Spellbooks, Renounce Religion


You were on level 1 of the Lair of Beasts.
You worshipped Trog.
Trog was greatly pleased with you.
You were hungry.

You visited 2 branches of the dungeon, and saw 10 of its levels.

You collected 433 gold pieces.
You spent 392 gold pieces at shops.

Inventory:

Hand Weapons
 a - a +3 hand axe (weapon)
Armour
 b - a +0 animal skin
 c - a +0 large shield (worn)
 d - a +0 ring mail
 g - a +1 pair of boots (worn)
 i - a +0 leather armour
 k - a +1 scale mail (worn)
 v - a +1 hat (worn)
 C - a +1 cloak (worn)
 D - a +0 pair of gloves (worn)
Jewellery
 o - a ring of magical power (right hand)
 y - an uncursed ring of resist corrosion
 E - a ring of ice (left hand)
Wands
 f - a wand of enslavement (12/24)
 n - a wand of invisibility (5/9)
 p - a wand of flame (22/48)
 z - a wand of invisibility (4/9)
 B - a wand of confusion (25/48)
 F - a wand of random effects (13/48)
Scrolls
 s - a scroll of blinking
 t - 2 scrolls of magic mapping
 x - a scroll of fear
 A - 2 scrolls of identify
Potions
 e - 2 potions of berserk rage
 h - 2 potions of flight
 j - 2 potions of brilliance
 m - a potion of magic {unknown}
 q - a potion of curing
 r - 2 potions of heal wounds {unknown}
 u - a potion of invisibility
 w - a potion of haste {unknown}
Books
 G - a book of Frost

   Spells                             Type                      Level
   a - Freeze                         Ice                          1
   b - Throw Frost                    Conjuration/Ice              2
   c - Ozocubu's Armour               Charms/Ice                   3
   d - Throw Icicle                   Conjuration/Ice              4
   e - Summon Ice Beast               Ice/Summoning                4
   f - Condensation Shield            Ice                          4
   Trog disapproves of the use of such an item.


   Skills:
 + Level 7.0 Fighting
 + Level 7.3 Axes
 + Level 7.3 Armour
 + Level 7.5 Dodging
 + Level 2.4 Stealth
 + Level 5.3 Shields


You had 9 spell levels left.
You didn't know any spells.

Dungeon Overview and Level Annotations

Branches:
Dungeon (9/15)             Temple (0/1) D:4            Lair (1/8) D:8
    Orc: D:9-12

Altars:
Ashenzari
Dithmenos
Gozag
Kikubaaqudgha
Makhleb
Qazlal
Sif Muna
Zin

Shops:
D:5 *   D:8 *

Portals:
Ice
Cave: Lair:1

Annotations:
Lair:1 Erica


Innate Abilities, Weirdness & Mutations

You have a pair of antennae on your head.
You are completely covered in yellow scales (AC +4, rCorr).
A weak demonic guardian rushes to your aid.
You are slightly more attuned to the shadows.


Message History

The bolt of poison hits you!
You are poisoned.
* * * LOW HITPOINT WARNING * * *
You hit something but do no damage.
You feel very sick. Something hits you but does no damage.
You barely miss something.
You feel sick.
Something hits you but does no damage. x2
Your shield prevents you from hitting something.
You feel sick.
Erica appears from thin air!
Reactivating autopickup.
Erica casts a spell.
Erica flickers and vanishes!
Deactivating autopickup; reactivate with Ctrl-A.
You barely miss something.
You feel sick.
You hear some strange, mumbled words.
A bolt of poison appears from out of thin air!
The bolt of poison hits you!
You are lethally poisoned!
You die...

...... .. ...... ..#
..#PP##.# #......#
..#......# .......#.#
.#......# .......{@.#
.....#....#.####..
#######....######.......
........................
...............######.#.
...............# #
...............#
...............#
......###.##...#


There were no monsters in sight!

Vanquished Creatures
  Gastronok (D:8)
  Urug (Lair:1)
  3 yaks (D:8)
  An orc warrior (D:8)
  The ghost of kae the Chopper, an amateur HOFi (D:4)
  The ghost of poirepourri the Skirmisher, an amateur DsBe of Trog (D:3)
  A hippogriff (D:8)
  Menkaure (D:7)
  A porcupine (Lair:1)
  2 necrophages
  4 phantoms
  2 ice beasts
  A slave (D:8)
  6 centaurs
  2 ogres
  Blork the orc (D:5)
  5 giant frogs
  A big kobold (D:7)
  A water moccasin zombie (D:5)
  3 crimson imps
  A quasit (D:5)
  2 centaur zombies
  4 hounds
  A jelly (D:9)
  3 centaur skeletons
  4 orc priests
  An iguana (D:7)
  10 orc wizards
  3 worker ants
  A killer bee zombie (D:8)
  A hound zombie (D:6)
  2 worker ant zombies
  7 adders
  4 shadow imps
  An ooze (D:1)
  6 worms
  4 giant geckos
  20 orcs
  3 bats
  5 giant cockroaches
  12 hobgoblins
  23 jackals
  2 quokkas
  3 ball pythons
  A giant gecko skeleton (D:7)
  A giant gecko zombie (D:5)
  6 giant newts
  10 goblins
  31 kobolds
  A quokka skeleton (D:4)
  7 rats
219 creatures vanquished.

Vanquished Creatures (collateral kills)
  Pikel (D:8)
  An orc warrior (D:8)
  2 slaves (D:8)
  A crimson imp (D:7)
  An orc wizard (D:8)
  2 orcs
  A kobold (D:7)
  A giant newt (D:3)
10 creatures vanquished.

Vanquished Creatures (others)
  A slave (D:8)
  3 plants (D:7)
4 creatures vanquished.

Grand Total: 233 creatures vanquished

Notes
Turn   | Place    | Note
--------------------------------------------------------------
     0 | D:1      | poirepourri the Demonspawn Berserker began the quest for the Orb.
     0 | D:1      | Reached XP level 1. HP: 18/18 MP: 1/1
   782 | D:1      | Gained mutation: You are partially covered in yellow scales (AC +2). [demonic ancestry]
   782 | D:1      | Reached XP level 2. HP: 20/24 MP: 2/2
  1205 | D:2      | Gained mutation: A weak demonic guardian rushes to your aid. [demonic ancestry]
  1205 | D:2      | Reached XP level 3. HP: 25/29 MP: 3/3
  1537 | D:2      | Found an ancient bone altar of Kikubaaqudgha.
  1537 | D:2      | Found a shadowy altar of Dithmenos.
  1537 | D:2      | Found a stormy altar of Qazlal.
  1537 | D:2      | Found a burning altar of Makhleb.
  1560 | D:2      | Found an opulent altar of Gozag.
  1565 | D:2      | Found a deep blue altar of Sif Muna.
  1629 | D:2      | Reached ** piety under Trog
  2276 | D:3      | Reached XP level 4. HP: 23/36 MP: 4/4
  2661 | D:3      | Noticed a centaur
  2688 | D:3      | Killed a centaur
  2688 | D:3      | Reached skill level 4 in Fighting
  2688 | D:3      | Gained mutation: You have a pair of small antennae on your head. [demonic ancestry]
  2688 | D:3      | Reached XP level 5. HP: 38/42 MP: 5/5
  3237 | D:3      | Noticed poirepourri's ghost (amateur DsBe)
  3297 | D:3      | Killed poirepourri's ghost
  3297 | D:3      | Gained mutation: You are mostly covered in yellow scales (AC +3). [demonic ancestry]
  3297 | D:3      | Reached XP level 6. HP: 28/48 MP: 6/6
  3705 | D:3      | You fall through a shaft for 2 floors!
  3705 | D:5      | Entered Level 5 of the Dungeon
  4065 | D:4      | Reached *** piety under Trog
  4127 | D:4      | Noticed kae's ghost (amateur HOFi)
  4147 | D:4      | Killed kae's ghost
  4147 | D:4      | Reached skill level 1 in Stealth
  4147 | D:4      | Gained mutation: You are completely covered in yellow scales (AC +4, rCorr). [demonic ancestry]
  4147 | D:4      | Reached XP level 7. HP: 55/55 MP: 7/7
  4319 | D:4      | Reached skill level 5 in Fighting
  4522 | D:4      | Found a shattered altar of Ashenzari.
  4895 | D:4      | Found a staircase to the Ecumenical Temple.
  5182 | D:5      | Reached skill level 5 in Axes
  5288 | D:5      | Noticed Blork the orc
  5305 | D:5      | Reached XP level 8. HP: 62/62 MP: 8/8
  5314 | D:5      | Killed Blork the orc
  5379 | D:5      | Reached skill level 5 in Dodging
  5823 | D:5      | Found Zin's Purification Station.
  5826 | D:5      | Found a glowing silver altar of Zin.
  6476 | D:5      | Reached **** piety under Trog
  6476 | D:5      | Reached skill level 5 in Armour
  6818 | D:6      | Reached skill level 6 in Fighting
  7794 | D:7      | Noticed Menkaure
  7802 | D:7      | Killed Menkaure
  7802 | D:7      | Gained mutation: You have a pair of antennae on your head. [demonic ancestry]
  7802 | D:7      | Reached XP level 9. HP: 68/68 MP: 9/9
  8734 | D:7      | Reached skill level 1 in Shields
  9082 | D:8      | Noticed Gastronok
  9121 | D:8      | Killed Gastronok
  9172 | D:8      | Gained mutation: You are slightly more attuned to the shadows. [demonic ancestry]
  9172 | D:8      | Reached XP level 10. HP: 40/76 MP: 10/10
  9205 | D:8      | Noticed Pikel
  9232 | D:8      | Killed Pikel
  9232 | D:8      | Reached skill level 7 in Axes
  9697 | D:8      | Found Waroa's Assorted Antiques.
  9705 | D:8      | Bought an embroidered cloak for 126 gold pieces
  9705 | D:8      | Bought a pair of gloves for 126 gold pieces
  9705 | D:8      | Bought a twisted wooden ring for 140 gold pieces
  9745 | D:8      | Found a staircase to the Lair.
 10784 | Lair:1   | Entered Level 1 of the Lair of Beasts
 10787 | Lair:1   | Noticed Urug
 10809 | Lair:1   | Killed Urug
 10809 | Lair:1   | Reached skill level 5 in Shields
 10854 | Lair:1   | Found a frozen archway.
 10978 | Lair:1   | Noticed Erica
 11009 | Lair:1   | Killed from afar by Erica

Vault maps used:
D:1:      eino_arrival_druids_welcome
D:2:      minmay_overflow_temple_hex, minmay_misc_feat_x
D:3:      first_bread, serial_bayou_pond_b, hangedman_decor_clover_reticule
D:4:      corexii_shack_village, old_standard_altar, temple_hall,
          lightli_ossuary_entry_decrepit_ruins, kennysheep_flooded_box
D:5:      zin_purify, hangedman_decor_diamond_cutter, kennysheep_doodads,
          uniq_blork_the_orc
D:7:      kennysheep_kobold_camp, uniq_menkaure
D:8:      lair_0_dummy, serial_shops, shop, uniq_gastronok, uniq_pikel
Lair:1:   portal_ice_cave_entry_pillars_02, st_stairs_11, uniq_erica, uniq_urug

Action                   |  1- 3 |  4- 6 |  7- 9 | 10-12 || total
-------------------------+-------+-------+-------+-------++-------
Melee: Hand axe          |   183 |   175 |   525 |   208 ||  1091
Invok: Trog's Hand       |       |     3 |     1 |     1 ||     5
       Berserk           |       |     3 |     5 |     4 ||    12
       Burn Spellbooks   |       |       |       |     1 ||     1
       Brothers in Arms  |       |       |       |     1 ||     1
  Use: Scroll            |     4 |     1 |    12 |     1 ||    18
       Potion            |       |     7 |       |     3 ||    10
 Stab: Distracted        |       |     1 |     2 |     1 ||     4
       Invisible         |       |     1 |       |       ||     1
  Eat: Bread ration      |     1 |     1 |     2 |       ||     4
       Meat ration       |       |     2 |       |     1 ||     3
       Fruit             |       |       |     2 |       ||     2
       Beef jerky        |       |       |     2 |       ||     2
       Chunk             |       |       |     2 |     5 ||     7
       Royal jelly       |       |       |       |     1 ||     1
